woodfighter, chaotic female giant Ranger ----- ------ ... -------------- #..*..-- . |............|##`####|......### I |............|#######+.....| #### # |>...........|## |.....+#### # ------ # |.....\.......### #+....-- ####-....| # ---.-+-+------# #------ |....| # ####### ### ### # ###%#.....| # # ####### # # |....| # ###### ##### # ######### |.....###### ## --.-----------########### ##### ------ # # |.............##### ############ # ------.-- |.........).{| ### ## ## ##|.......| |...........<.######-----.---# #|.......| --.----------- |.......|# #-....*..| # |........# --------- |......^| --------- woodfighter the Ranger Experience level: 7 Strength: 24 Dexterity: 15 Constitution: 19 Intelligence: 13 Wisdom: 14 Charisma: 7 Health: 0(61) Energy: 29(29) Def: 17 Gold: 631 Moves: 8584 Dungeon seed [set]: Game ID: woodfighter_1678366888 Your Inventory: Coins $ - 631 gold pieces Weapons a - an uncursed +2 sling (weapon in hand) D - 18 blessed +1 arrows E - 2 uncursed +0 arrows Armor b - an uncursed +0 cloak of displacement f - an uncursed +0 pair of high boots g - an uncursed +0 pair of high boots (being worn) h - an uncursed +2 dented pot k - a cursed -2 cloak of displacement q - an uncursed +2 dented pot z - an uncursed +2 dented pot B - an uncursed +0 mummy wrapping N - an uncursed +2 dented pot (being worn) X - an uncursed +0 pair of high boots Y - an uncursed rusty +1 large shield (being worn) Comestibles C - an uncursed food ration H - an uncursed tripe ration Z - an uncursed lizard corpse Scrolls i - 3 uncursed scrolls of scare monster j - a cursed scroll of teleportation p - an uncursed scroll of scare monster u - a cursed scroll of taming w - an uncursed scroll of enchant weapon A - an uncursed scroll of enchant armor I - an uncursed scroll of destroy armor K - an uncursed scroll of gold detection Spellbooks t - an uncursed spellbook of force bolt G - an uncursed spellbook of detect monsters Potions l - 3 uncursed potions of hallucination o - a blessed potion of gain ability s - an uncursed potion of water v - an uncursed potion of restore ability J - a blessed potion of sight M - an uncursed potion of gain energy S - an uncursed potion of invisibility T - a blessed potion of restore ability W - an uncursed potion of gain level Wands c - an uncursed wand of slow monster (0:3) d - an uncursed wand of sleep (0:6) U - an uncursed wand of polymorph (0:3) Tools y - an uncursed door key P - an uncursed tooled horn Gems e - 17 uncursed flints (in quiver) x - an uncursed topaz F - an uncursed worthless piece of yellowish brown glass Q - an uncursed worthless piece of violet glass Boulders/Statues n - an uncursed boulder r - an uncursed boulder L - an uncursed boulder O - an uncursed boulder V - an uncursed boulder Spells and supernatural/magical abilities: Name Level Category Fail Memory W - pray for help -- divine ? -- Your skills at the end: Miscellaneous Skills shield [Basic] wands [Basic] Weapon Skills two-handed sword [Basic] sling [Basic] Spellcasting Skills Final Attributes: You were devoutly aligned. Your writing hand was ok. You were telepathic. You had automatic searching. You had infravision. You were somewhat stealthy. You were lucky. You are dead. Vanquished creatures: a small mimic a gelatinous cube an ochre jelly a chameleon 3 giant beetles a lynx a lizard a housecat a jaguar a dust vortex a gnome mummy 5 apes 2 soldier ants a fire ant a yellow light a rock mole a rock piercer 2 fog clouds 3 shriekers a gnome lord a guardian naga hatchling a giant ant a puppy 7 floating eyes an iguana 6 hill orcs 2 rothes a rabid rat 3 jitterbugs 2 giant bats a monkey 2 gas spores 4 hobbits an acid blob a large kobold 5 geckos 5 giant rats a brown mold a yellow mold a red mold 5 garter snakes 3 manes a gnome zombie 6 jackals 2 foxes 2 kobolds 8 newts 2 sewer rats 6 grid bugs a lichen a kobold zombie 114 creatures vanquished. Voluntary challenges: You had followed a strict vegan diet until turn 2653. You had followed a strict vegetarian diet until turn 2653. You did not adorn yourself with jewelry or accessories. You did not cause conflict. You were not invisible. You did not have reflection. You were not displaced. You had been an atheist until turn 2588. You did not donate to any temples.. You never hit with a wielded weapon. You did not apply a unicorn horn. You did not use plumbed fixtures. You did not drink any magical draughts. You were illiterate. You never genocided any monsters. You never polymorphed an object. You never changed form. You used no wishes. You did not use any artifacts. You never split a pudding. You never wrote Elbereth's name. You never violated your personal moral code. You enabled loading special bones files. Dungeon overview: The Dungeons of Doom: levels 1 to 10 Level 1 (box) a vault a long staircase Level 2 (water) Level 3 (water + box) stairs to The Gnomish Mines Level 4 (water) an altar to Venus Level 5 a fountain Level 6 Level 7 (box) a vault, an altar to Mars, some fountains Level 8 many fountains Level 9 <- You were here a fountain, a bench Level 10 The Gnomish Mines: Level 4 stairs to The Dungeons of Doom History has recorded: On T:1 you entered the Dungeons of Doom to retrieve the Amulet of Yendor! On T:117 you reached level 2 of The Dungeons of Doom. On T:716 you reached level 3 of The Dungeons of Doom. On T:1457 you advanced to experience level 2. On T:1509 you reached level 4 of The Dungeons of Doom. On T:1841 you advanced to experience level 3. On T:1926 you reached level 1 of The Gnomish Mines. On T:2426 you reached level 5 of The Dungeons of Doom. On T:3131 you advanced to experience level 4. On T:3451 you advanced to experience level 5. On T:3586 you reached level 6 of The Dungeons of Doom. On T:4830 you reached level 7 of The Dungeons of Doom. On T:4923 you advanced to experience level 6. On T:5849 you reached level 8 of The Dungeons of Doom. On T:6044 you prayed to Mars. On T:6771 you advanced to experience level 7. On T:6833 you reached level 9 of The Dungeons of Doom. On T:7710 you prayed to Mars. On T:7841 you reached level 10 of The Dungeons of Doom. Score breakdown: Gold: 631 ( 63 points) Experience: 7 levels ( 600 points) Exploration: 10 levels ( 270 points) Discoveries: 25 items ( 1250 points) Variety of kills: 51 monsters ( 2000 points) Major goal: (nothing yet) ( 0 points) Survival: died (score multiplied by 3) Total score: 12549 Latest messages: The soldier ant misses. (2x) The soldier ant bites! The soldier ant stings! You shoot 2 flints. The 1st flint hits the soldier ant. The 2nd flint hits the soldier ant! The soldier ant misses. The soldier ant stings! The soldier ant bites! The soldier ant stings! The soldier ant bites! The soldier ant misses. The soldier ant bites! The soldier ant stings! The soldier ant bites! The soldier ant misses. The sleep ray hits the soldier ant. The sleep ray bounces! The sleep ray hits the soldier ant. The sleep ray hits you! Something misses. Something stings! Something bites! Something stings! You die... Final status: Goodbye woodfighter the Ranger, killed by a soldier ant, while sleeping... You died in The Dungeons of Doom on dungeon level 9 with 12549 points, and 631 pieces of gold, after 8584 moves. You were level 7 with a maximum of 61 hit points when you died.